 Dungeon Crawl Stone Soup version 0.16.0-17-g811c1d7 (webtiles) character file.

270 Fluffy the Slasher (level 6, 0/44 HPs)
             Began as a Demonspawn Gladiator on Mar 21, 2015.
             Slain by an orc
             ... wielding a +0 war axe
              (7 damage)
             ... on level 4 of the Dungeon.
             The game lasted 00:06:52 (2893 turns).

Fluffy the Slasher (Demonspawn Gladiator)           Turns: 2893, Time: 00:06:52

Health: 0/44       AC:  4    Str: 15      XL:     6   Next: 1%
Magic:  6/6        EV: 13    Int: 14 (16) God:
Gold:   134        SH:  0    Dex: 14      Spells: 0 memorised, 5 levels left

rFire  . . .     SeeInvis .     a - +1 long sword
rCold  . . .     Clarity  .     c - +1 robe {MR+}
rNeg   . . .     SustAb   .     (no shield)
rPois  .         Gourm    .     (helmet restricted)
rElec  .         Spirit   .     (no cloak)
rCorr  .         Warding  .     (no gloves)
rMut   .         Stasis   .     i - +0 pair of boots
MR     +....                    (no amulet)
Stlth  +.........               (no ring)
                                (no ring)

@: brilliant, lethally poisoned (0 -> -15), very slightly contaminated, somewhat
resistant to hostile enchantments, very unstealthy
A: horns 2
a: no special abilities


You were on level 4 of the Dungeon.
You were not hungry.

You visited 1 branch of the dungeon, and saw 4 of its levels.

You collected 134 gold pieces.

Inventory:

Hand weapons
 a - a +1 long sword (weapon)
Missiles
 d - 2 throwing nets (quivered)
Armour
 c - a +1 robe of magic resistance (worn)
 i - a +0 pair of boots (worn)
Scrolls
 b - a scroll of noise
Potions
 e - a potion of brilliance
 j - a potion of lignification
Comestibles
 f - 3 bread rations
 k - 8 fruits
 m - a meat ration
 p - a chunk of flesh


   Skills:
 - Level 2.0 Fighting
 + Level 6.1 Long Blades
 - Level 1.7 Throwing
 - Level 2.6 Dodging


You had 5 spell levels left.
You didn't know any spells.

Dungeon Overview and Level Annotations

Branches:
Dungeon (4/15)
 Temple: D:4-7

Altars:

Annotations:
D:4 siepu's ghost, experienced TeAK


Innate Abilities, Weirdness & Mutations

You have a pair of horns on your head.


Message History

Aim: siepu's ghost, wielding a weapon of venom (moderately damaged)
You throw a throwing net. The throwing net hits siepu's ghost.
The net passes right through siepu's ghost!
Siepu's ghost is moderately damaged.
Siepu's ghost hits you.
* * * LOW HITPOINT WARNING * * *
You are lethally poisoned!
You barely miss siepu's ghost.
Siepu's ghost is moderately damaged.
Your surroundings suddenly seem different.
* * * LOW HITPOINT WARNING * * *
You feel sick.
An orc comes into view. It is wielding a war axe.
The orc shouts!
An orc priest comes into view. It is wielding a club.
The orc priest shouts!
An orc comes into view. It is wielding a dagger.
The orc shouts!
The orc hits you with a war axe!
You die...

.. ..#
#.. ..#
###
#..#..###
#.......#
#.oo...#
#.@o..#
##..###
#..# ##..
#.# ..
#.# ..


You could see an orc priest and 2 orcs.

Vanquished Creatures
  An orc priest (D:3)
  An orc wizard (D:3)
  6 adders
  3 worms
  A giant gecko (D:4)
  3 orcs (D:3)
  7 bats
  8 goblins
  6 hobgoblins
  3 jackals (D:2)
  7 kobolds
  A quokka (D:2)
  2 ball pythons
  3 giant cockroaches
  5 giant newts
  5 rats
62 creatures vanquished.

Vanquished Creatures (others)
  A phantom (D:4)
1 creature vanquished.

Grand Total: 63 creatures vanquished

Notes
Turn   | Place    | Note
--------------------------------------------------------------
     0 | D:1      | Fluffy, the Demonspawn Gladiator, began the quest for the Orb.
     0 | D:1      | Reached XP level 1. HP: 16/16 MP: 1/1
     0 | D:1      | Noticed a spriggan zombie
     0 | D:1      | Noticed an octopode zombie
     3 | D:1      | Noticed a spriggan zombie
     5 | D:1      | Noticed a formicid zombie
     6 | D:1      | Noticed a draconian zombie
     7 | D:1      | Noticed a formicid zombie
    10 | D:1      | Noticed an elf zombie
    12 | D:1      | Noticed a troll zombie
    12 | D:1      | Noticed a vine stalker zombie
    13 | D:1      | Noticed a formicid zombie
    16 | D:1      | Noticed a draconian zombie
    18 | D:1      | Noticed a merfolk zombie
    18 | D:1      | Noticed a troll zombie
    65 | D:1      | Reached skill level 3 in Long Blades
   220 | D:1      | Gained mutation: You have a pair of small horns on your head. [demonic ancestry]
   220 | D:1      | Reached XP level 2. HP: 20/22 MP: 2/2
   684 | D:2      | Reached XP level 3. HP: 8/27 MP: 3/3
   702 | D:2      | HP: 2/40 [poisoned by an adder]
   878 | D:2      | Reached skill level 4 in Long Blades
  1363 | D:2      | Reached XP level 4. HP: 13/33 MP: 4/4
  1797 | D:3      | Reached skill level 5 in Long Blades
  2099 | D:3      | Gained mutation: You have a pair of horns on your head. [demonic ancestry]
  2099 | D:3      | Reached XP level 5. HP: 27/38 MP: 5/5
  2428 | D:4      | Noticed a phantom
  2779 | D:4      | Killed a phantom
  2779 | D:4      | Reached skill level 6 in Long Blades
  2870 | D:4      | Reached XP level 6. HP: 38/44 MP: 6/6
  2875 | D:4      | Noticed siepu's ghost (experienced TeAK)
  2893 | D:4      | Slain by an orc

Action                   |  1- 3 |  4- 6 || total
-------------------------+-------+-------++-------
Melee: Long sword        |    86 |    83 ||   169
Throw: Throwing net      |       |     1 ||     1
  Use: Potion            |     3 |     2 ||     5
       Scroll            |       |     7 ||     7
 Stab: Sleeping          |       |     1 ||     1
  Eat: Chunk             |     1 |     5 ||     6
